AoeStats
← AlLaN

Nomad

509376990Analyzed
4v4 RM · 7d ago on Sep 26, 2026· 37m 10s· 8 players
Game mode
Random Map
Map size
231×231
Population
200
Speed
Normal
Resources
Standard
Victory
Conquest
Starting age
Dark Age
Ending age
Imperial Age
RankedLock teamsTeams togetherTeam positionsShared explorationLock speedFull tech treeHidden civsTurbo modeCheats
Victory
Defeat
1032
+14
🇩🇪 Aztecs · Germany
982
+16
🇨🇳 Franks · China
945
+17
🇬🇧 Saxons · United Kingdom
927
+17
🇫🇷 Ethiopians · France
982
-16
🇹🇼 Varangians · Taiwan
980
-16
🇨🇳 Mongols · China
971
-16
🇨🇳 Franks · China
965
-16
FLAME-99
6:52 Loom
14:13 Feudal Age
20:02 Castle Age
18:41 Double-Bit Axe
20:00 Horse Collar
25:11 Squires
24:56 Arson
26:05 Gambesons
30:14 Wheelbarrow
AlLaN
16:47 Feudal Age
20:29 Wheelbarrow
20:15 Fishing Lines
20:23 Double-Bit Axe
22:40 Castle Age
23:52 Stone Mining
24:18 Fletching
31:36 Imperial Age
白桵
20:37 Feudal Age
22:32 Fishing Lines
25:59 Castle Age
26:51 Gillnets
28:22 Wheelbarrow
32:27 Hand Cart
白仔
6:20 Loom
15:22 Feudal Age
23:37 Castle Age
24:02 Forging
23:58 Scale Barding Armor
27:26 Pikeman
小希小希
4:47 Loom
12:58 Feudal Age
15:32 Forging
17:16 Double-Bit Axe
24:44 Castle Age
22:54 Stone Mining
24:31 Scale Barding Armor
24:38 Gold Mining
25:57 Chain Barding Armor
26:50 Husbandry
29:23 Fletching
30:09 Iron Casting
36:07 Wheelbarrow
37:04 Bow Saw
We lost everything!
8:15 Loom
14:21 Loom
16:34 Feudal Age
26:18 Castle Age
24:47 Stone Mining
24:48 Gold Mining
29:53 Stone Shaft Mining
30:48 Husbandry
30:08 Cavalier
34:31 Guilds
37:02 Imperial Age
36:16 Scale Barding Armor
36:21 Forging
Dayman
9:39 Loom
15:46 Feudal Age
16:54 Double-Bit Axe
24:16 Castle Age
25:08 Fishing Lines
25:48 Gold Mining
26:10 Bow Saw
26:37 Gillnets
29:32 Fletching
Sakullius-of-Coursistan
5:30 Loom
15:11 Feudal Age
22:30 Castle Age
21:05 Forging
20:55 Scale Mail Armor
24:35 Iron Casting
24:57 Squires
24:56 Eagle Warrior
25:45 Arson
26:53 Chain Mail Armor
26:44 Town Watch
28:15 Wheelbarrow
29:19 Double-Bit Axe
32:46 Fletching
34:19 Bow Saw
34:05 Gold Mining
34:48 Hand Cart
35:23 Gambesons
35:38 Bodkin Arrow
Connection lost

Rejoining the realm…

Still unreachable

The connection could not be restored.

Session expired

The server has moved on; the page needs a fresh start.